 Dungeon Crawl Stone Soup version 0.31.0-11-ge490571c62 (webtiles) character file.

Game seed: 17820971168059124149

9 Gadfly the Ruffian (level 2, 21/21 HPs)
             Began as a Demonspawn Shapeshifter on Jan 27, 2024.
             Quit the game on level 1 of the Dungeon.
             The game lasted 00:00:37 (252 turns).

Gadfly the Ruffian (Demonspawn Shapeshifter)         Turns: 252, Time: 00:00:37

Health: 21/21      AC:  2    Str: 14    XL:     2   Next: 3%
Magic:  2/2        EV: 12    Int: 10    God:
Gold:   13         SH:  0    Dex: 12    Spells: 1/1 levels left

rFire   . .          .
                       - Unarmed
rCold   . . .        (no shield)
rNeg    . . .        a - +0 animal skin
rPois   .            (helmet currently unavailable)
rElec   .            (cloak currently unavailable)
rCorr   .            (gloves currently unavailable)
SInv    .            (boots currently unavailable)
Will    .....        (no amulet)
Stlth   +            (no ring)
HPRegen 0.23/turn    (no ring)
MPRegen 0.08/turn

%: no passive effects
@: beast-form
A: beast (slay +1), powered by pain 1
a: Begin Untransformation


You were on level 1 of the Dungeon.
You were a hulking beast.
You visited 1 branch of the dungeon, and saw 1 of its levels.

You collected 13 gold pieces.

Inventory:

Armour
 a - a +0 animal skin (worn)
Talismans
 c - a beast talisman
 d - a flux talisman
Scrolls
 e - a scroll of fog {unknown}
 g - a scroll of immolation {unknown}
 h - a scroll of identify {unknown}
Potions
 b - a potion of lignification
 f - a potion of curing {unknown}


   Skills:
 + Level 1.2 Fighting
 * Level 2.0 Dodging
 + Level 2.7 Unarmed Combat
 * Level 0.6 Evocations
 + Level 2.7 Shapeshifting


You had one spell level left.
You didn't know any spells.
Your spell library was empty.

Dungeon Overview and Level Annotations

Branches:
Dungeon (1/15)

Altars:


Innate Abilities, Weirdness & Mutations

You are a hulking beast.
Your limbs bulge with bestial killing power. (Slay +1)
You sometimes gain a little power by taking damage.


Message History

Found a stone staircase leading down.
h - a scroll labelled CASCHECH TEFOWEE A quokka comes into view.
A quokka is nearby!
The quokka barely misses you.
You hit the quokka.
The quokka is moderately wounded.
The quokka barely misses you.
You hit the quokka. You punch the quokka, but do no damage.
The quokka is severely wounded.
The quokka misses you.
You hit the quokka.
You kill the quokka!
Your Dodging skill increases to level 2!
No target in view!
No target in view!
No target in view!
As you open the door, it creaks loudly!
You open the door.
A giant cockroach comes into view.
Found a scroll labelled YTEYPLUMASH.
A giant cockroach is nearby!
A giant cockroach is nearby!
There is an open door here.
You hit the giant cockroach but do no damage.
The giant cockroach barely misses you.
You hit the giant cockroach but do no damage.
The giant cockroach closely misses you.
You closely miss the giant cockroach. The giant cockroach barely misses you.
You hit the giant cockroach.
The giant cockroach is severely wounded.
The giant cockroach bites you.
You hit the giant cockroach.
You kill the giant cockroach!
You have reached level 2!
Your demonic ancestry asserts itself...
You feel energised by your suffering.
Are you sure you want to abandon this character and quit the game? (Confirm with "yes".)
Okay, then.
Are you sure you want to abandon this character and quit the game? (Confirm with "yes".)

##### #...# ###### #...#
#....#
##...###########....####
...............'h†..?...
...........#####....##..
###.#......# #....#
..#.#......# #....#
..#.#......##########
..#.##'##........
..+....##........
..#.#####........
.................


There were no monsters in sight!

Vanquished Creatures
  2 ball pythons (D:1)
  A giant cockroach (D:1)
  A goblin (D:1)
  A hobgoblin (D:1)
  A quokka (D:1)
  A rat (D:1)
7 creatures vanquished.

Notes
Turn   | Place    | Note
-------+----------+-------------------------------------------
     0 | D:1      | Gadfly the Demonspawn Shapeshifter began the quest for the
                  | Orb.
     0 | D:1      | Reached XP level 1. HP: 15/15 MP: 1/1
   252 | D:1      | Gained mutation: You sometimes gain a little power by
                  | taking damage. [demonic ancestry]
   252 | D:1      | Reached XP level 2. HP: 21/21 MP: 2/2
   252 | D:1      | Quit the game

Illustrated notes

Levels and vault maps discovered:
D:1:      psy_arrival_fountain, layout_basic

Skill      XL: |  1 |
---------------+----+-----
Dodging        | 2 |  2.0
Fighting       | |  1.2
Unarmed Combat | |  2.7
Evocations     | |  0.6
Shapeshifting  | |  2.7

Action                     || total
---------------------------++-------
  Melee: Unarmed           ||    20
         Punch             ||     1
 Armour: Animal skin       ||     5
  Dodge: Dodged            ||    10
